 Dungeon Crawl Stone Soup version 0.29-a0-823-gc37b1572da (webtiles) character file.

Game seed: 9949272048239257682

5460 avis the Frost Mage (level 10, -5/83 HPs)
             Began as a Demigod Ice Elementalist on July 8, 2022.
             Slain by an orc warrior
             ... wielding a +0 war axe
              (7 damage)
             ... in a bailey.
             The game lasted 01:09:37 (9949 turns).

avis the Frost Mage (Demigod Ice Elementalist)      Turns: 9949, Time: 01:09:37

Health: -5/83      AC: 16    Str:  9    XL:     10   Next: 18%
Magic:  21/21      EV: 15    Int: 17    God:
Gold:   268        SH:  0    Dex: 26    Spells: 12/19 levels left

rFire   x . .      SeeInvis .   a - +0 arbalest (venom)
rCold   + + .      Faith    .   (shield currently unavailable)
rNeg    . . .      Spirit   .   r - +3 leather armour {rC+}
rPois   .          Reflect  .   n - +0 helmet
rElec   .          Harm     .   u - +0 cloak
rCorr   .          Rampage  .   k - +0 pair of gloves
Will    +....                   (no boots)
Stlth   +++.......              d - amulet of regeneration
HPRegen 1.03/turn               j - +4 ring of slaying
MPRegen 0.17/turn               v - ring of ice

@: ice-armoured
A: high MP 1, forlorn, divine attributes
a: no special abilities


You were in a bailey.
You visited 2 branches of the dungeon, and saw 9 of its levels.
You also visited: Bailey.

You collected 542 gold pieces.
You spent 274 gold pieces at shops.

Inventory:

Hand Weapons
 a - a +0 arbalest of venom (weapon)
 b - a +2 dagger of protection
 c - a +0 sling
 w - a +1 dagger of venom
Missiles
 g - 4 datura-tipped darts
 h - 14 boomerangs
 G - 13 poisoned darts
 K - 5 atropa-tipped darts
 O - 7 curare-tipped darts
Armour
 e - an orb of wrath
 k - a +0 pair of gloves (worn)
 n - a +0 helmet (worn)
 r - a +3 leather armour of cold resistance (worn)
 u - a +0 cloak (worn)
Jewellery
 d - an amulet of regeneration (around neck)
 j - a +4 ring of slaying (left hand)
 v - a ring of ice (right hand)
 C - a ring of poison resistance
Wands
 f - a wand of light (13)
 D - a wand of mindburst (11)
 H - a wand of polymorph (8)
Scrolls
 i - 2 scrolls of vulnerability
 q - a scroll of enchant armour
 t - a scroll of poison {unknown}
 x - a scroll of fear {unknown}
 y - a scroll of noise {unknown}
 A - a scroll of immolation {unknown}
 E - a scroll of fog {unknown}
 J - a scroll of teleportation
Potions
 m - a potion of might
 o - 2 potions of heal wounds
 p - a potion of brilliance
 s - a potion of curing
 B - a potion of magic
 F - a potion of lignification
 I - a potion of invisibility {unknown}
 N - a potion of flight {unknown}
 P - a potion of haste {unknown}


   Skills:
 - Level 6.0 Fighting
 * Level 7.2 Ranged Weapons
 - Level 2.0 Armour
 - Level 5.0 Dodging
 - Level 3.0 Stealth
 - Level 5.0 Spellcasting
 - Level 8.0 Ice Magic
 - Level 2.0 Evocations


You had 12 spell levels left.
You knew the following spells:

 Your Spells              Type           Power      Damage    Failure   Level
a - Freeze                Ice            100%       1d11      1%          1
o - Ozocubu's Armour      Ice            47%        N/A       2%          3
r - Frozen Ramparts       Ice            94%        1d11      2%          3

Your spell library contained the following spells:

 Spells                   Type           Power      Damage    Failure   Level
 Necrotise                Necr           16%        1d4       19%         1
 Hailstorm                Conj/Ice       26%        3d7       36%         4
 Ice Form                 Ice/Tmut       26%        N/A       36%         4
 Summon Ice Beast         Ice/Summ       26%        N/A       36%         4
 Confusing Touch          Hex            4%         N/A       50%         3
 Vampiric Draining        Necr           4%         2d6       50%         3
 Metabolic Englaciation   Hex/Ice        13%        N/A       71%         5
 Petrify                  Tmut/Erth      4%         N/A       88%         4
 Agony                    Necr           4%         N/A       99%         5
 Yara's Violent Unravell  Hex/Tmut       2%         3d3       99%         5
 Ozocubu's Refrigeration  Ice            23%        4d9       99%         7
 Statue Form              Tmut/Erth      2%         N/A       100%        6
 Enfeeble                 Hex            2%         N/A       100%        7
 Haunt                    Necr/Summ      2%         N/A       100%        7
 Borgnjor's Revivificati  Necr           2%         N/A       100%        8


Dungeon Overview and Level Annotations

Branches:
Dungeon (8/15)             Temple (1/1) D:5            Lair (0/6) D:8
 Bailey (1/1)

Shops:
D:5 *   D:7 *


Innate Abilities, Weirdness & Mutations

You have an increased reservoir of magic. (+10% MP)
You shall have no god before yourself.
Your divine heritage dramatically boosts your attributes as you level up.


Message History

Fire: a) +0 arbalest (venom)
Press: ? - help, Q - select action, (/) - cycle Shift-Dir - straight line, f - kobold brigand, p - kobold brigand
Aim: a kobold brigand, wielding a +0 war axe and quivering poisoned darts (65% to hit)
You shoot a bolt.
The bolt closely misses the kobold brigand.
The bolt hits the kobold brigand!!
The kobold brigand looks as sick as possible!
The kobold brigand is severely wounded.
You feel sick.
You kill the kobold brigand!
The orc warrior hits you with a +0 war axe.
The kobold brigand closely misses you. The orc warrior barely misses you.
Fire: a) +0 arbalest (venom)
Press: ? - help, Q - select action, (/) - cycle Shift-Dir - straight line, f - kobold brigand
Aim: a kobold brigand, wielding a +3 war axe and quivering poisoned darts (65% to hit)
You shoot a bolt. The bolt hits the kobold brigand!
The kobold brigand is severely wounded.
You feel sick.
You are no longer poisoned.
The orc warrior hits you but does no damage.
The kobold brigand hits you with a +3 war axe.
The orc warrior closely misses you.
The orc warrior hits you with a +0 war axe.
The kobold brigand misses you.
The orc warrior hits you with a +0 war axe!
* * * LOW HITPOINT WARNING * * *
Fire: a) +0 arbalest (venom)
Press: ? - help, Q - select action, (/) - cycle Shift-Dir - straight line, f/p - kobold brigand
Aim: a kobold brigand, wielding a +3 war axe and quivering poisoned darts (severely wounded, 65% to hit)
You shoot a bolt. The bolt hits the kobold brigand.
The kobold brigand is severely wounded.
The orc warrior hits you but does no damage.
The kobold brigand hits you but does no damage.
The orc warrior hits you with a +0 war axe.
* * * LOW HITPOINT WARNING * * *
The orc warrior hits you with a +0 war axe!
* * * LOW HITPOINT WARNING * * *
The kobold brigand hits you but does no damage.
The orc warrior hits you with a +0 war axe!
You die...

#.###≈≈.......≈≈###.#
#....≈≈.......≈≈....#
#####≈≈.......≈≈#####
##≈.......≈##
####'''#### ##..)..##
#∩.....∩# #...8...#
##.o@o.## ###K### .o.
..... .......
......... ...........
.............


You could see 3 orc warriors and a kobold brigand.

Vanquished Creatures
  Pikel (D:4)
  Prince Ribbit (D:7)
  Sigmund (D:2)
  5 yaks
  A steam dragon (D:6)
  Edmund (D:5)
  A water moccasin (D:6)
  Menkaure (D:5)
  4 ice beasts
  2 sky beasts
  6 orc warriors
  An ogre (D:5)
  3 phantoms
  7 kobold brigands
  4 bullfrogs
  2 scorpions
  A gnoll sergeant (D:6)
  A necrophage (D:5)
  4 wights (D:7)
  An orc priest (D:3)
  5 hounds
  Crazy Yiuf (D:5)
  A gnoll bouda (D:3)
  8 iguanas
  Terence (D:2)
  4 orc wizards
  Robin (D:2)
  5 gnolls
  6 adders
  A shadow imp (D:7)
  A white imp (D:5)
  A worm (D:2)
  A dart slug (D:1)
  15 orcs
  7 endoplasms
  A giant cockroach (D:2)
  16 goblins
  15 hobgoblins
  5 jackals (D:4)
  5 ball pythons
  10 bats
  A frilled lizard (D:1)
  18 kobolds
  5 rats
182 creatures vanquished.

Vanquished Creatures (others)
  A bullfrog (D:6)
1 creature vanquished.

Grand Total: 183 creatures vanquished

Notes
Turn   | Place    | Note
-------+----------+-------------------------------------------
     0 | D:1      | avis the Demigod Ice Elementalist began the quest for the
                  | Orb.
     0 | D:1      | Reached XP level 1. HP: 14/14 MP: 5/5
   347 | D:1      | Reached skill level 1 in Fighting
   512 | D:1      | Reached XP level 2. HP: 19/23 MP: 4/7
  1361 | D:2      | Noticed Terence
  1392 | D:1      | Reached XP level 3. HP: 17/28 MP: 5/10
  1706 | D:2      | Learned a level 3 spell: Ozocubu's Armour
  1710 | D:2      | Learned a level 3 spell: Frozen Ramparts
  1730 | D:2      | Noticed Robin
  1749 | D:2      | Killed Robin
  1999 | D:2      | Noticed Sigmund
  2023 | D:2      | Killed Sigmund
  2024 | D:2      | Reached skill level 5 in Spellcasting
  2024 | D:2      | Reached XP level 4. HP: 14/35 MP: 11/14
  2024 | D:2      | Reached XP level 5. HP: 16/40 MP: 11/15
  2564 | D:2      | Killed Terence
  2565 | D:2      | Reached skill level 4 in Ice Magic
  3216 | D:3      | Noticed a great orb of eyes
  3222 | D:3      | Noticed a golden eye
  3222 | D:3      | Noticed a golden eye
  3222 | D:3      | Noticed a golden eye
  3549 | D:3      | Reached XP level 6. HP: 22/47 MP: 11/16
  4795 | D:3      | Reached skill level 5 in Ice Magic
  5323 | D:4      | Reached skill level 6 in Ice Magic
  5337 | D:4      | Got the Spellbook of Mortuary Earth
  5685 | D:4      | Reached XP level 7. HP: 52/52 MP: 15/17
  6150 | D:5      | Entered Level 5 of the Dungeon
  6200 | D:5      | Noticed a yak
  6200 | D:5      | Noticed a yak
  6203 | D:5      | Noticed a yak
  6205 | D:5      | Noticed a yak
  6206 | D:5      | Noticed a yak
  6219 | D:4      | Killed a yak
  6220 | D:4      | Reached skill level 7 in Ice Magic
  6370 | D:5      | Noticed Pikel
  6392 | D:4      | Killed Pikel
  6393 | D:4      | Reached skill level 8 in Ice Magic
  6393 | D:4      | Reached XP level 8. HP: 11/63 MP: 11/19
  6565 | D:5      | Noticed Menkaure
  6581 | D:5      | Killed Menkaure
  6619 | D:5      | Found Sema Miehim's General Store.
  6622 | D:5      | Found Zib Vyr's Specific Store.
  6627 | D:5      | Bought a scroll of identify for 24 gold pieces
  6627 | D:5      | Bought a potion of lignification for 36 gold pieces
  6645 | D:5      | Bought a scroll of identify for 22 gold pieces
  6743 | D:5      | Reached skill level 5 in Fighting
  6761 | D:5      | Reached skill level 5 in Dodging
  6794 | D:5      | Noticed Edmund
  6837 | D:5      | Killed Edmund
  6838 | D:5      | Reached XP level 9. HP: 64/74 MP: 20/20
  6968 | D:5      | Found a staircase to the Ecumenical Temple.
  6977 | Temple   | Entered the Ecumenical Temple
  6986 | Temple   | Upgraded the game from 0.29-a0-821-g66395355a5 to
                  | 0.29-a0-823-gc37b1572da
  7015 | D:5      | Bought 2 potions of mutation for 192 gold pieces
  7160 | D:5      | Found a runed translucent door.
  7161 | D:5      | Noticed Crazy Yiuf
  7167 | D:5      | Killed Crazy Yiuf
  7331 | D:6      | Reached skill level 1 in Ranged Weapons
  8504 | D:7      | Noticed Prince Ribbit
  8527 | D:7      | Reached skill level 5 in Ranged Weapons
  8527 | D:7      | Reached skill level 1 in Armour
  8543 | D:7      | Killed Prince Ribbit
  8609 | D:7      | Found Boinair's Overcharged Wands.
  9195 | D:7      | Reached skill level 1 in Evocations
  9216 | D:7      | Reached XP level 10. HP: 76/83 MP: 19/21
  9744 | D:8      | Found a flagged portal.
  9777 | Bailey   | Entered a bailey
  9949 | Bailey   | HP: 2/83 [orc warrior/+0 war axe (9)]
  9949 | Bailey   | Slain by an orc warrior

Illustrated notes

Levels and vault maps discovered:
D:1:      saegor_arrival_miasma, layout_loops_corners, minmay_pentomino_w4
D:2:      layout_basic, uniq_terence, uniq_robin, uniq_sigmund
D:3:      layout_basic, hellmonk_ecumenical_altar_watching_god
D:4:      layout_loops_ring, lemuel_round_altar, chequers_decorated_corner,
          minmay_ruined_shrine
D:5:      layout_cave_pools, temple_green, nrook_campfire,
          nicolae_specific_store, uniq_edmund, uniq_menkaure,
          uniq_crazy_yiuf_cottage, uniq_pikel
D:6:      layout_basic, amcnicky_altar_gilded, minmay_starry_boxes
D:7:      layout_loops_corners, serial_rivers, chequers_serial_rivers_small_b,
          chequers_serial_rivers_micro_e, chequers_serial_rivers_micro_b,
          chequers_serial_rivers_room_a, nicolae_shop_overcharged_wands,
          uniq_prince_ribbit1
D:8:      layout_gridville, david_lair_shrubbed, enter_bailey_8,
          nicolae_ossuary_entry_monument, uniq_erica
Temple:   mainiacjoe_temple_big_plus
Bailey:   bailey_axe_3, bailey

Skill      XL: |  1  2  3  4  5  6  7  8  9 10 |
---------------+-------------------------------+-----
Fighting       | 1 3 5 6 |  6.0
Spellcasting   | 2 5 |  5.0
Ice Magic      | 4 6 8 |  8.0
Dodging        | 5 |  5.0
Stealth        | 3 |  3.0
Ranged Weapons | 6 7 |  7.2
Armour         | 2 |  2.0
Evocations     | 1 2 |  2.0

Action                   |  1- 3 |  4- 6 |  7- 9 | 10-12 || total
-------------------------+-------+-------+-------+-------++-------
Melee: Short sword       |     2 |       |       |       ||     2
       Dagger            |    20 |    92 |   122 |       ||   234
       Whip              |     1 |     4 |     6 |       ||    11
       Punch             |       |     3 |     1 |       ||     4
 Fire: Arbalest          |       |       |   111 |    40 ||   151
Throw: Boomerang         |       |     1 |       |       ||     1
       Dart              |       |       |     4 |       ||     4
 Cast: Freeze            |    58 |    39 |    40 |       ||   137
       Ozocubu's Armour  |     2 |    13 |    39 |     4 ||    58
  Use: Potion            |     5 |     1 |     1 |     1 ||     8
       Scroll            |       |       |     5 |     5 ||    10
 Stab: Sleeping          |     2 |     5 |     1 |       ||     8
       Distracted        |       |       |     1 |       ||     1
Armor: Robe              |    21 |    19 |       |       ||    40
       Skin              |     1 |     9 |       |       ||    10
       Leather armour    |       |    32 |    96 |    18 ||   146
Dodge: Dodged            |    35 |    62 |   149 |    34 ||   280

Table legend: (Time is in decaauts)
 A = Elapsed time spent in this place.
 B = Non-inter-level travel time spent in this place.
 C = Inter-level travel time spent in this place.
 D = Time resting spent in this place.
 E = Time spent auto-exploring this place.
 F = Levels seen in this place.
 G = Mean time per level.
                   A        B        C        D        E       F      G
               +--------+--------+--------+--------+--------+-----+--------+
         Total |  10068 |   9201 |    867 |   2741 |   4192 |  10 | 1006.8 |
       Dungeon |   9845 |   8982 |    863 |   2741 |   4192 |   8 | 1230.6 |
        Temple |     27 |     23 |      4 |      0 |      0 |   1 |   27.0 |
        Bailey |    196 |    196 |      0 |      0 |      0 |   1 |  196.0 |
               +--------+--------+--------+--------+--------+-----+--------+

Top non-repeatable levels by time:
     D:3: 1922 daAuts
     D:1: 1621 daAuts
     D:2: 1497 daAuts
     D:4: 1356 daAuts
     D:7: 1222 daAuts
     D:6: 1169 daAuts
     D:5: 1007 daAuts
  Bailey: 196 daAuts
     D:8: 48 daAuts
  Temple: 27 daAuts
